 Dungeon Crawl Stone Soup version 0.30.1-11-g7821555f0a (webtiles) character file.

Game seed: 6738350131406099287

168 Okkudo the Chopper (level 5, -1/48 HPs)
             Began as a Hill Orc Monk on Dec 4, 2023.
             Was a Believer of Beogh.
             Killed by divine providence
             ... invoked by an orc priest
              (17 damage)
             ... on level 3 of the Dungeon.
             The game lasted 00:08:57 (2113 turns).

Okkudo the Chopper (Hill Orc Monk)                  Turns: 2113, Time: 00:08:57

Health: -1/48      AC: 10    Str: 16    XL:     5   Next: 49%
Magic:  5/5        EV:  8    Int: 10    God:    Beogh [**....]
Gold:   191        SH:  0    Dex: 13    Spells: 4/4 levels left

rFire   . . .        a - +0 hand axe
rCold   . . .        d - orb {light}
rNeg    . . .        i - +0 chain mail
rPois   .            (no helmet)
rElec   .            m - +1 cloak
rCorr   .            (no gloves)
SInv    .            (no boots)
Will    .....        (no amulet) Stlth
                     (no ring)
HPRegen 0.28/turn    (no ring)
MPRegen 0.09/turn

%: no passive effects
@: glowing
A: no striking features
a: Renounce Religion, Smiting


You were on level 3 of the Dungeon.
You worshipped Beogh.
Beogh was pleased with you.
You visited 1 branch of the dungeon, and saw 3 of its levels.

You collected 191 gold pieces.

Inventory:

Hand Weapons
 a - a +0 hand axe (weapon)
Missiles
 n - a throwing net (quivered)
Armour
 d - an orb of light (worn)
 i - a +0 chain mail (worn)
 m - a +1 cloak (worn)
Scrolls
 f - 6 scrolls of identify {unknown}
 g - 2 scrolls of enchant armour {unknown}
 j - 2 scrolls of teleportation {unknown}
 l - a scroll of poison {unknown}
 o - a scroll of blinking {unknown}
 q - a scroll of magic mapping {unknown}
Potions
 b - a potion of degeneration {unknown}
 c - a potion of ambrosia
 e - 2 potions of haste {unknown}
 h - 3 potions of curing
 k - 2 potions of attraction {unknown}
 p - 2 potions of invisibility {unknown}
 r - a potion of mutation {unknown}


   Skills:
 + Level 5.1 Fighting
 * Level 5.6 Axes
 + Level 0.0 Armour
 - Level 3.4 Dodging


You had 4 spell levels left.
You didn't know any spells.
Your spell library contained the following spells:

 Spells                   Type           Power      Damage    Failure   Level
 Magic Dart               Conj           0%         1d3       99%         1
 Call Imp                 Summ           0%         N/A       100%        2
 Mephitic Cloud           Conj/Pois/Air  0%         N/A       100%        3
 Anguish                  Hex/Necr       0%         N/A       100%        4
 Alistair's Intoxication  Tmut/Pois      0%         N/A       100%        5
 Blade Hands              Tmut           0%         N/A       100%        5


Dungeon Overview and Level Annotations

Branches:
Dungeon (3/15)

Altars:
Elyvilon


Message History

The orc is wielding a +1 flail of protection.
The orc shouts!
An orc comes into view. It is wielding a +0 dagger.
An orc priest comes into view. It is wielding a +0 falchion.
The orc shouts!
Found 16 gold pieces.
The orc barely misses you.
You hit the orc but do no damage. The orc hits you but does no damage.
You barely miss the orc. The orc hits you with a +0 club.
You slash the orc!
You kill the orc!
Beogh accepts your kill.
You hit the orc but do no damage. The orc closely misses you.
You barely miss the orc.
The orc hits you with a +1 flail of protection.
You barely miss the orc.
The orc priest mumbles some strange prayers to Beogh against you.
Beogh smites you!
The orc hits you with a +1 flail of protection.
You completely miss the orc.
The orc priest looks encouraged for a moment.
You hit the orc.
The orc is severely wounded.
The orc priest miscasts a cantrip.
You slash the orc!
You kill the orc!
Beogh accepts your kill.
You hit the orc priest.
The orc priest is lightly wounded.
The orc priest hits you with a +0 falchion.
The orc priest mumbles some strange prayers to Beogh against you.
Beogh smites you!
You hit the orc priest.
The orc priest is heavily wounded.
The orc priest hits you with a +0 falchion.
You hit the orc priest but do no damage.
The orc priest is heavily wounded.
The orc priest calls down the wrath of Beogh upon you.
Beogh smites you!
You die...
Beogh appreciates the orc priest's killing of a heretic priest.

##..#####.###.......
##..##..†..#####.#.
........<.###.### #.#.
...########.....# #.#.
###.### #. #.....# #.
###.### ####
##+#########...#### #.##
.....oo@.....#....###...
.....o###########....>.#
....$ #####... .... #...
### #... #... #.## #.#
#.#


You could see 2 orc priests and an orc.

Vanquished Creatures
  An orc wizard (D:3)
  3 gnolls (D:2)
  6 adders
  3 worms
  2 dart slugs (D:3)
  2 orcs (D:3)
  3 ball pythons
  3 endoplasms
  3 giant cockroaches
  2 goblins
  2 hobgoblins (D:1)
  2 quokkas
  5 bats
  7 kobolds
  9 rats
53 creatures vanquished.

Notes
Turn   | Place    | Note
-------+----------+-------------------------------------------
     0 | D:1      | Okkudo the Hill Orc Monk began the quest for the Orb.
     0 | D:1      | Reached XP level 1. HP: 19/19 MP: 1/1
   145 | D:1      | Reached XP level 2. HP: 26/27 MP: 2/2
   520 | D:1      | Found a faded altar of an unknown god.
   686 | D:2      | Reached XP level 3. HP: 30/33 MP: 3/3
   809 | D:2      | Found a white marble altar of Elyvilon.
   913 | D:2      | Reached XP level 4. HP: 12/41 MP: 4/4
   914 | D:2      | Reached skill level 5 in Axes
  1782 | D:3      | Became a worshipper of Beogh the Brigand
  1782 | D:3      | Reached * piety under Beogh
  1782 | D:3      | Reached ** piety under Beogh
  1807 | D:3      | Reached XP level 5. HP: 44/47 MP: 5/5
  1906 | D:3      | Reached skill level 5 in Fighting
  2030 | D:3      | Got Sif Muna's Disquisition on Composition and Debased
                  | Spells
  2113 | D:3      | Killed from afar by an orc priest

Illustrated notes

Levels and vault maps discovered:
D:1:      wander_arrival_fairy_ring, layout_basic,
          hellmonk_ecumenical_altar_inner_sanctum
D:2:      layout_basic, basic_altar
D:3:      layout_basic, minmay_misc_feat_hallway, minmay_misc_feat_tower

Skill      XL: |  1  2  3  4  5 |
---------------+----------------+-----
Fighting       | 4 5 |  5.1
Dodging        | 3 |  3.4
Axes           | 5 |  5.6

Action                     |  1- 3 |  4- 6 || total
---------------------------+-------+-------++-------
  Melee: Hand axe          |    82 |   105 ||   187
  Throw: Throwing net      |       |     1 ||     1
 Invoke: Convert to Beogh  |       |     1 ||     1
    Use: Potion            |       |     1 ||     1
 Armour: Scale mail        |     9 |       ||     9
         Chain mail        |    54 |    69 ||   123
  Dodge: Dodged            |    53 |    39 ||    92
